 Dungeon Crawl Stone Soup version 0.17-a0-6048-gac2d693 (webtiles) character file.

3278 AlphabetPasta the Cleaver (level 9, 0/79 HPs)
             Began as a Minotaur Gladiator on Dec 8, 2016.
             Was a Follower of Wundvrond.
             Slain by a warg (13 damage)
             ... on level 8 of the Dungeon.
             The game lasted 00:18:11 (5554 turns).

AlphabetPasta the Cleaver (Minotaur Gladiator)      Turns: 5554, Time: 00:18:11

Health: 0/79       AC:  7    Str: 22    XL:     9   Next: 69%
Magic:  0/8        EV: 14    Int:  5    God:    Wundvrond [*.....]
Gold:   155        SH:  0    Dex: 12    Spells: 0 memorised, 8 levels left

rFire  . . .     SeeInvis .     a - +1 war axe
rCold  . . .     Gourm    .     B - +0 ring mail "Buhin" {-Cast rPois rN++ Regen+}
rNeg   + + .     Faith    .     (no shield)
rPois  +         Spirit   .     c - +0 hat
rElec  .         Reflect  .     m - +0 cloak
rCorr  .         Harm     .     (no gloves)
MR     .....     NoCast   +     (no boots)
Stlth  +.........               (no amulet)
                                (no ring)
                                C - ring of flight

@: very slightly contaminated, hasted, very quick
A: retaliatory headbutt, horns 2
a: Renounce Religion, Evoke Flight


You were on level 8 of the Dungeon.
You worshipped Wundvrond.
Wundvrond was aware of your devotion.
You were not hungry.

You visited 2 branches of the dungeon, and saw 9 of its levels.

You collected 354 gold pieces.
You spent 199 gold pieces at shops.

Inventory:

Hand Weapons
 a - a +1 war axe (weapon)
 b - the +4 arbalest of Extinguishment {velocity, +Fly MR+ Dex+3}
   (You bought it in a shop on level 5 of the Dungeon)

   Any bolt fired from it inflicts extra damage.
   It affects your dexterity (+3).
   It affects your resistance to hostile enchantments.
   It lets you fly.
Missiles
 d - 3 throwing nets (quivered)
 u - 81 bolts
Armour
 c - a +0 hat (worn)
 m - a +0 cloak (worn)
 t - a +0 scale mail
 y - a +0 leather armour
 B - the +0 ring mail "Buhin" (worn) {-Cast rPois rN++ Regen+}
   (You found it on level 6 of the Dungeon)

   It protects you from poison.
   It greatly protects you from negative energy.
   It prevents spellcasting.
   It increases your rate of regeneration.
Jewellery
 C - a ring of flight (left hand)
Wands
 g - a wand of iceblast (15/15)
 n - a wand of iceblast (7/15)
 s - a wand of disintegration (8/24)
 A - a wand of random effects (8/48)
Scrolls
 h - 3 scrolls of remove curse
 o - 2 scrolls of teleportation
 r - 4 scrolls of recharging
Potions
 e - 2 potions of resistance
 j - 2 potions of lignification {unknown}
 k - 2 potions of haste
 l - 2 potions of berserk rage {unknown}
 p - 3 potions of flight
 q - 3 potions of degeneration {unknown}
 v - 2 potions of brilliance {unknown}
 w - 2 potions of heal wounds {unknown}
 x - a potion of curing {unknown}
 E - a potion of magic {unknown}
Comestibles
 f - 7 bread rations
 i - 6 meat rations
 z - 2 fruits
 D - 2 beef jerkies


   Skills:
 + Level 7.1 Fighting
 * Level 10.4 Axes
 * Level 5.2 Crossbows
 - Level 2.0 Throwing
 + Level 6.8 Armour
 + Level 7.0 Dodging


You had 8 spell levels left.
You didn't know any spells.

Dungeon Overview and Level Annotations

Branches:
Dungeon (8/15)             Temple (1/1) D:6
   Lair: D:8-11

Altars:
Cheibriados
Dithmenos
Elyvilon
Fedhas
Gozag
Kikubaaqudgha
Nemelex Xobeh
Okawaru
Qazlal
Ru
Sif Muna
Trog
Uskayaw
Vehumet Wundvrond
Xom
Zin
The Shining One

Shops:
D:5 %:([


Innate Abilities, Weirdness & Mutations

You reflexively headbutt those who attack you in melee.
You have a pair of horns on your head.


Message History

You kill the orc!
You barely miss the orc. You closely miss the warg.
You slash the eye of draining!
You kill the eye of draining!
Your Dodging skill increases to level 7!
You closely miss the orc. The warg bites you.
* * * LOW HITPOINT WARNING * * *
The orc wizard gestures at you while chanting.
You feel yourself slow down. The orc barely misses you. The orc misses you.
You slash the orc wizard!
The orc wizard is almost dead.
You slash the orc!
You kill the orc!
You hit the warg. You hit the warg but do no damage. You hit the orc.
You kill the orc!
You closely miss the warg. The warg closely misses you. x2
You furiously retaliate!
You headbutt the warg.
The orc wizard casts a spell.
The orc wizard blinks!
The orc wizard misses you. The warg bites you!
You die...

##+####.#.#. #
#.......... .#
###....<....###.#
................#
#.........†.#.###
#.........)!#.#
.......)....#.#
##..o)....#.#
#..h@h...#.#
#..)h....#.#
..§.§.......#.#
...o.###..#.#.#
....# ##.#.#.#
...# #...#.# .o#
#...#.#
#########...#.#
.........#.#


You could see 3 wargs, an orc priest and 2 orc wizards.

Vanquished Creatures
  The ghost of LancerX0 the Spear-Bearer, a novice MfCK of Xom (D:3)
  Grinder (D:6)
  Sigmund (D:4)
  A spriggan (D:7)
  Eustachio (D:5)
  Duvessa (D:5)
  An orc warrior (D:8)
  2 black bears (D:7)
  An eye of draining (D:8)
  A necrophage (D:6)
  A centaur (D:7)
  3 ogres
  A crocodile (D:8)
  2 bullfrogs
  Dowan (D:5)
  2 scorpions
  A water moccasin skeleton (D:7)
  A howler monkey (D:6)
  3 crimson imps
  6 orc priests
  A jelly (D:6)
  A centaur zombie (D:6)
  3 hounds
  3 orc wizards
  A bullfrog skeleton (D:4)
  2 iguanas
  7 worker ants
  A hound zombie (D:6)
  A hound skeleton (D:3)
  A worker ant zombie (D:6)
  8 adders
  An ooze (D:1)
  An adder zombie (D:6)
  An adder skeleton (D:4)
  3 worms
  3 dart slugs
  4 leopard geckos
  31 orcs
  5 bats
  4 giant cockroaches
  5 goblins
  7 hobgoblins
  5 jackals
  A quokka (D:4)
  9 frilled lizards
  6 kobolds
  6 rats
153 creatures vanquished.

Notes
Turn   | Place    | Note
-------+----------+-------------------------------------------
     0 | D:1      | AlphabetPasta the Minotaur Gladiator began the quest for the Orb.
     0 | D:1      | Reached XP level 1. HP: 18/18 MP: 0/0
   126 | D:1      | Reached XP level 2. HP: 15/25 MP: 1/1
   198 | D:1      | Reached skill level 4 in Axes
   245 | D:1      | Reached skill level 1 in Armour
   680 | D:1      | Reached XP level 3. HP: 28/30 MP: 2/2
  1077 | D:2      | Reached XP level 4. HP: 31/38 MP: 3/3
  1155 | D:2      | Found a blossoming altar of Fedhas.
  1241 | D:2      | Found a faded altar of an unknown god.
  1241 | D:2      | Found a glowing silver altar of Zin.
  1248 | D:2      | Found a faded altar of an unknown god.
  1250 | D:2      | Found a faded altar of an unknown god.
  1252 | D:2      | Found a faded altar of an unknown god.
  1437 | D:3      | Noticed LancerX0's ghost (novice MfCK)
  1453 | D:3      | Killed LancerX0's ghost
  1453 | D:3      | Reached skill level 6 in Axes
  1453 | D:3      | Reached XP level 5. HP: 15/46 MP: 4/4
  1453 | D:3      | Reached XP level 6. HP: 17/52 MP: 5/5
  2578 | D:4      | Reached skill level 5 in Dodging
  2578 | D:4      | Reached XP level 7. HP: 51/60 MP: 6/6
  2763 | D:4      | Noticed Sigmund
  2773 | D:4      | Killed Sigmund
  2773 | D:4      | Reached skill level 5 in Fighting
  2773 | D:4      | Reached skill level 7 in Axes
  2945 | D:4      | Found a shimmering altar of Xom.
  3135 | D:5      | Entered Level 5 of the Dungeon
  3157 | D:5      | Found Tiqin's Food Boutique.
  3170 | D:5      | Found a hide-covered altar of Uskayaw.
  3173 | D:5      | Reached XP level 8. HP: 62/68 MP: 7/7
  3259 | D:5      | Reached skill level 8 in Axes
  3263 | D:5      | Found a glowing golden altar of the Shining One.
  3305 | D:5      | Noticed Eustachio
  3306 | D:5      | Noticed Duvessa
  3315 | D:5      | Noticed Dowan
  3318 | D:5      | Killed Eustachio
  3318 | D:5      | Reached skill level 5 in Armour
  3323 | D:5      | Killed Duvessa
  3325 | D:5      | Killed Dowan
  3448 | D:5      | Found Viywuoq's Armour Shop.
  3481 | D:5      | Found Guergheol's Antique Weapon Boutique.
  3489 | D:5      | Bought a crystal arbalest for 199 gold pieces
  3593 | D:5      | Found a snail-covered altar of Cheibriados.
  3734 | D:5      | Found Mutubim's Book Shoppe.
  3862 | D:6      | Noticed Grinder
  3866 | D:6      | Reached skill level 9 in Axes
  3866 | D:6      | Reached skill level 1 in Crossbows
  3906 | D:6      | Found an ancient bone altar of Kikubaaqudgha.
  4057 | D:6      | Found a staircase to the Ecumenical Temple.
  4060 | D:6      | Got a dazzling ring mail
  4071 | D:6      | Identified the +0 ring mail "Buhin" {-Cast rPois rN++ Regen+} (You found it on level 6 of the Dungeon)
  4081 | Temple   | Entered the Ecumenical Temple
  4119 | Temple   | Became a worshipper of Wundvrond
  4219 | D:6      | Found an iron altar of Okawaru.
  4230 | D:6      | Reached XP level 9. HP: 75/75 MP: 8/8
  4286 | D:6      | Killed Grinder
  4768 | D:7      | Identified the +4 arbalest of Extinguishment {velocity, +Fly MR+ Dex+3} (You bought it in a shop on level 5 of the Dungeon)
  4859 | D:7      | Reached * piety under Wundvrond
  5051 | D:7      | Found a bloodstained altar of Trog.
  5091 | D:7      | Reached skill level 10 in Axes
  5111 | D:7      | Found an opulent altar of Gozag.
  5232 | D:7      | Got a jewelled whip
  5233 | D:7      | Lost intelligence.
  5233 | D:7      | Identified the +6 whip of Impermanence {freeze, +Blink rPois MP+9 Int-5} (You found it on level 7 of the Dungeon)
  5538 | D:8      | Reached skill level 5 in Crossbows
  5554 | D:8      | Slain by a warg

Vault maps used:
D:1:      erik_arrival_triangle_large, serial_co_window_serial,
          co_window_paths_a, co_window_cross_1, co_window_paths_a,
          co_window_corner_a, co_window_corner_a, co_window_corner_a,
          co_window_paths_a, co_window_broadway_a, co_window_corner_cb,
          co_window_of_opportunity_b, co_window_cross_3, co_window_paths_e,
          glass_columns_a, glass_columns_c, glass_columns_c,
          serial_bayou_pond_b, solitary_fountain
D:2:      fedhas_altar_1, chequers_temple_overflow_minitemple
D:3:      minmay_wonky_spiral, first_bread
D:4:      tgw_xom, st_stairs_10, kennysheep_generic_room_4, uniq_sigmund
D:5:      cheibrodos_quashed, kennysheep_slug_shrine, lemuel_crystal_altar,
          eat_drink_and_be_merry_uskayaw, serial_shops, nicolae_shop_crystal,
          nicolae_shop_crystal, nicolae_shop_trees, kennysheep_mini,
          uniq_duvessa, uniq_eustachio
D:6:      lemuel_doored_altar, overflow_temple_1_default, uniq_grinder
D:7:      grunt_gozag_statues, the_bakery, trog_ov_bears_minmay
D:8:      demons_altar, erik_lair_orcish_takeover,
          nicolae_qazlal_general_emergency, uniq_grum, uniq_pikel
Temple:   kb_temple_of_zot

Skill      XL: |  1  2  3  4  5  6  7  8  9 |
---------------+----------------------------+-----
Axes           | 4 6 7 9 10 | 10.4
Armour         | 1 3 4 6 |  6.8
Fighting       | 3 4 5 6 7 |  7.1
Dodging        | 4 5 6 7 |  7.0
Crossbows      | 3 5 |  5.2
Throwing       | |  2.0

Action                   |  1- 3 |  4- 6 |  7- 9 || total
-------------------------+-------+-------+-------++-------
Melee: War axe           |    52 |    88 |   227 ||   367
       Headbutt          |     8 |    14 |    43 ||    65
  Use: Scroll            |     5 |     3 |     7 ||    15
       Potion            |       |       |     3 ||     3
 Stab: Invisible         |       |     1 |       ||     1
  Eat: Chunk             |       |     4 |     9 ||    13
       Pizza             |       |     1 |       ||     1
       Fruit             |       |       |     1 ||     1
Armor: Leather armour    |    13 |    14 |       ||    27
       Scale mail        |       |    10 |    41 ||    51
       Ring mail         |       |       |    30 ||    30
Dodge: Dodged            |    43 |    57 |   149 ||   249
